 Seeded DCSS version 0.30.1-5-ged363bc7ee (webtiles) character file.

Game seed: 15660985446129201502 (custom seed)

24 AccursedSamuel the Chopper (level 3, 23/23 HPs)
             Began as a Tengu Monk on Sept 18, 2023.
             Quit the game on level 1 of the Dungeon on Sept 19, 2023.
             The game lasted 00:06:19 (923 turns).

AccursedSamuel the Chopper (Tengu Monk)              Turns: 923, Time: 00:06:19

Health: 23/23      AC:  2    Str: 11    XL:     3   Next: 2%
Magic:  4/4        EV: 14    Int: 10    God:
Gold:   172        SH:  0    Dex: 18    Spells: 2/2 levels left

rFire   . . .        a - +0 hand axe
rCold   . . .        d - orb {light}
rNeg    . . .        b - +0 robe
rPois   .            (helmet restricted)
rElec   .            (no cloak)
rCorr   .            (no gloves)
SInv    .            (boots unavailable)
Will    .....        (no amulet)
Stlth   +            (no ring)
HPRegen 0.23/turn    (no ring)
MPRegen 0.09/turn

%: no passive effects
@: glowing
A: beak, talons 3
a: no special abilities


You were on level 1 of the Dungeon.
You visited 1 branch of the dungeon, and saw 1 of its levels.

You collected 172 gold pieces.

Inventory:

Hand Weapons
 a - a +0 hand axe (weapon)
Armour
 b - a +0 robe (worn)
 d - an orb of light (worn)
Scrolls
 g - a scroll of acquirement
Potions
 c - a potion of ambrosia
 f - a potion of curing {unknown}


   Skills:
 + Level 3.3 Fighting
 + Level 3.8 Axes
 + Level 3.7 Dodging


You had 2 spell levels left.
You didn't know any spells.
Your spell library was empty.

Dungeon Overview and Level Annotations

Branches:
Dungeon (1/15)

Altars:


Innate Abilities, Weirdness & Mutations

You have a beak for a mouth.
You have claws for feet.


Message History

A kobold comes into view. It is wielding a +0 dagger.
A kobold is nearby!
A kobold is nearby!
A kobold is nearby!
The kobold closely misses you.
You hit the kobold but do no damage. You claw the kobold.
You kill the kobold!
Things that are here:
a +0 dagger; a kobold corpse You now have 163 gold pieces (gained 7).
You now have 172 gold pieces (gained 9).
Things that are here:
a +0 short sword; 4 stones
Things that are here:
a +0 short sword; 4 stones You see here a bat skeleton.
You see here a +0 robe.
There is a stone staircase leading down here.
Key pressed, stopping explore.
You see here a +0 pair of boots.
Done exploring.
Done exploring.
Things that are here:
a +0 dagger; a kobold skeleton Done exploring.
Done exploring.
Done exploring.
As you read the scroll labelled QAUZ VITWEUHU, it crumbles to dust.
You feel strangely unstable.
It was a scroll of teleportation.
Unknown command.
Okay, then.
Done exploring.
There are no items here.
This is a scroll of acquirement!
Welcome back, AccursedSamuel the Tengu Monk.
Game seed: 15660985446129201502 (custom seed) Press ? for a list of commands and other information.
Your surroundings suddenly seem different.
Unknown command.
Are you sure you want to abandon this character and quit the game? (Confirm with "yes".)

#.......###......#......## ##
##.###### #.............# # #.#
###..#####..### ##.### #.##
#.## ####### .....# ####.# #.#
#...... .#.#.#####....#
###.######.#####
......)....>..####...........#
.##..#####.........#.######..#
...>.# #.#.....@....# #..#
###..# ##..########## #..#
###..#####..### #..##
.....[........# #...#
###..####.#.#.#############.#.#
###........###..............#.#
PP##.####.## ##.####..........#
.P##.# #.## ##^# #.######.#.###
.P##.# ##.## ##.## #.# #.###...


There were no monsters in sight!

Vanquished Creatures
  2 ball pythons (D:1)
  2 bats (D:1)
  An endoplasm (D:1)
  3 goblins (D:1)
  3 hobgoblins (D:1)
  3 kobolds (D:1)
  2 quokkas (D:1)
  3 frilled lizards (D:1)
  4 rats (D:1)
23 creatures vanquished.

Notes
Turn   | Place    | Note
-------+----------+-------------------------------------------
     0 | D:1      | AccursedSamuel the Tengu Monk began the quest for the Orb.
     0 | D:1      | Reached XP level 1. HP: 14/14 MP: 2/2
    68 | D:1      | Reached XP level 2. HP: 13/19 MP: 3/3
   562 | D:1      | Reached XP level 3. HP: 23/23 MP: 4/4
   920 | D:1      | Identified a scroll of acquirement
   920 | D:1      | Upgraded the game from 0.30.1-4-g462c640d31 to
                  | 0.30.1-5-ged363bc7ee
   923 | D:1      | Quit the game

Illustrated notes

Levels and vault maps discovered:
D:1:      minmay_arrival_pointy, layout_loops_ring, minmay_gold_behind_fungi

Action                     || total
---------------------------++-------
  Melee: Hand axe          ||    55
         Peck              ||    13
         Kick              ||    21
    Use: Scroll            ||     1
 Armour: Robe              ||     9
  Dodge: Dodged            ||    43
